 Dungeon Crawl Stone Soup version 0.19.0-24-gb05acd6 (webtiles) character file.

90 pkoi the Slasher (level 4, -1/38 HPs)
             Began as a Draconian Monk on Nov 21, 2016.
             Was a Believer of Okawaru.
             Succumbed to a scorpion's poison
             ... on level 2 of the Dungeon.
             The game lasted 00:01:39 (1345 turns).

pkoi the Slasher (Draconian Monk)                   Turns: 1345, Time: 00:01:40

Health: -1/38      AC:  6    Str: 14    XL:     4   Next: 32%
Magic:  4/4        EV: 13    Int: 11    God:    Okawaru [**....]
Gold:   110        SH:  0    Dex: 13    Spells: 0 memorised, 3 levels left

rFire  . . .     SeeInvis .     a - +0 falchion
rCold  + . .     Gourm    .     (armour unavailable)
rNeg   . . .     Faith    .     (no shield)
rPois  .         Spirit   .     (helmet restricted)
rElec  .         Reflect  .     g - +0 cloak
rCorr  .         Harm     .     (no gloves)
MR     .....                    (no boots)
Stlth  ++........               (no amulet)
                                (no ring)
                                d - ring of protection from cold

@: lethally poisoned (-1 -> -20)
A: unfitting armour, cold-blooded, AC +5
a: Heroism, Renounce Religion


You were on level 2 of the Dungeon.
You worshipped Okawaru.
Okawaru was pleased with you.
You were hungry.

You visited 1 branch of the dungeon, and saw 3 of its levels.

You collected 110 gold pieces.

Inventory:

Hand Weapons
 a - a +0 falchion (weapon)
Armour
 g - a +0 cloak (worn)
Jewellery
 d - a ring of protection from cold (left hand)
Scrolls
 c - a scroll of blinking {unknown}
 e - a scroll of identify {unknown}
 k - a scroll of teleportation {unknown}
 o - a scroll of random uselessness {unknown}
Potions
 f - a potion of heal wounds {unknown}
 h - 2 potions of brilliance {unknown}
 i - 4 potions of curing {unknown}
 j - a potion of invisibility {unknown}
 m - a potion of agility {unknown}
 n - a potion of berserk rage {unknown}
 p - a potion of lignification {unknown}
Comestibles
 b - 5 bread rations
 l - 2 chunks of flesh


   Skills:
 - Level 3.2 Fighting
 + Level 5.2 Long Blades
 - Level 2.6 Dodging
 - Level 1.7 Stealth


You had 3 spell levels left.
You didn't know any spells.

Dungeon Overview and Level Annotations

Branches:
Dungeon (3/15)

Altars:
Dithmenos
Okawaru


Innate Abilities, Weirdness & Mutations

Your plain brown scales are hard. (AC +5)
You cannot fit into any form of body armour.
You are cold-blooded and may be slowed by cold attacks.


Message History

You feel sick. The leopard gecko closely misses you.
The scorpion closely misses you.
You closely miss the leopard gecko.
The leopard gecko is heavily wounded.
You feel sick. The leopard gecko closely misses you. The scorpion stings you.
You closely miss the leopard gecko.
Your tail-slap misses the leopard gecko.
The leopard gecko is heavily wounded.
The leopard gecko barely misses you. The scorpion stings you.
You are lethally poisoned!
The scorpion poisons you!
You hit the leopard gecko.
You kill the leopard gecko!
Okawaru accepts your kill.
You feel sick. The scorpion stings you!
* * * LOW HITPOINT WARNING * * *
* * * LOW HITPOINT WARNING * * *
You feel sick.
You see here a leopard gecko corpse.
You die...

.##.#.#####.# #.#
.##...#####.# #.#
.#####....#.# #.#
.#####.##.#.# #.#
.......##.#.###.##########
.########.#..##...÷......#
.# #.##.###########.#
.########.##.###########.#
............s[s†@......#.#
.###.##.#.##.#########.#.#
.....#....##.# #.#.#
.###.#..####.# #.#.#
..##....# #.# #.#.#
..##....# #.# #.#.#
..##....# #.# #.#.#
..##....####.# #.#.#
..##.........# #.#.#


You could see a scorpion and a giant cockroach.

Vanquished Creatures
  Jessica (D:2)
  3 adders (D:2)
  A dart slug (D:1)
  2 leopard geckos
  4 bats
  2 giant cockroaches (D:2)
  3 goblins
  3 hobgoblins
  5 frilled lizards
  4 kobolds
  9 rats
37 creatures vanquished.

Notes
Turn   | Place    | Note
-------+----------+-------------------------------------------
     0 | D:1      | pkoi the Draconian Monk began the quest for the Orb.
     0 | D:1      | Reached XP level 1. HP: 19/19 MP: 1/1
   215 | D:1      | Reached XP level 2. HP: 26/26 MP: 2/2
   635 | D:2      | Reached skill level 4 in Long Blades
   635 | D:2      | Reached XP level 3. HP: 31/31 MP: 3/3
   752 | D:2      | Noticed Jessica
   764 | D:2      | Killed Jessica
   764 | D:2      | Reached skill level 5 in Long Blades
   764 | D:2      | Reached XP level 4. HP: 37/38 MP: 4/4
   893 | D:2      | Found an iron altar of Okawaru.
   904 | D:2      | Became a worshipper of Warmaster Okawaru
   904 | D:2      | Reached * piety under Okawaru
   904 | D:2      | Reached ** piety under Okawaru
  1176 | D:2      | Found a shadowy altar of Dithmenos.
  1344 | D:2      | HP: 1/38 [poisoned by a scorpion]
  1345 | D:2      | Succumbed to a scorpion's poison

Skill      XL: |  1  2  3 |
---------------+----------+-----
Long Blades    | 4 5 |  5.2
Fighting       | |  3.2
Dodging        | |  2.6
Stealth        | |  1.7

Action                   |  1- 3 |  4- 6 || total
-------------------------+-------+-------++-------
Melee: Falchion          |    56 |    47 ||   103
       Tailslap          |     7 |     3 ||    10
 Stab: Sleeping          |     8 |     2 ||    10
  Eat: Chunk             |       |     1 ||     1
Armor: Skin              |    16 |    12 ||    28
Dodge: Dodged            |    53 |    40 ||    93
       Rpst.: Falchion   |    18 |    10 ||    28
